 Dungeon Crawl Stone Soup version 0.32-a0-871-ge202e49 (webtiles) character file.

Game seed: 3883151550074392957

1356 annone the Slasher (level 8, -3/94 HPs)
             Began as a Coglin Gladiator on Mar 29, 2024.
             Succumbed to a gnoll's poison
             ... on level 5 of the Dungeon.
             The game lasted 00:08:32 (3475 turns).

annone the Slasher (Coglin Gladiator)               Turns: 3475, Time: 00:08:32

Health: -3/94      AC: 24    Str: 15    XL:     8   Next: 64%
Magic:  8/8        EV:  2    Int:  8    God:
Gold:   232        SH:  0    Dex: 17    Spells: 7/7 levels left

rFire   . . .        a - +0 long sword {Manveen}
rCold   . . .        n - +2 short sword (drain) {Katrin}
rNeg    . . .        p - melded +0 chain mail of Privacy {rF+ Regen+ Int+2 Slay+3}
rPois   +            c - melded +0 helmet
rElec   .            (cloak currently unavailable)
rCorr   .            q - melded +1 Delatra's gloves {ID++}
SInv    .            (boots currently unavailable)
Will    .....        (no amulet)
Stlth   +            (no ring)
HPRegen 0.35/turn    (no ring)
MPRegen 0.11/turn    (no gizmo)

%: no passive effects
@: confused, lethally poisoned (-3 -> -33), tree-form, ambrosia-drunk, weakened
A: stationary, stasis, torment immunity, boosted hp, off-hand wielding, slow
wielding, warmup strikes, (no jewellery)
a: Invent Gizmo


You were on level 5 of the Dungeon.
You were a tree.
You visited 1 branch of the dungeon, and saw 5 of its levels.

You collected 232 gold pieces.

Inventory:

Hand Weapons
 a - a +0 long sword (weapon) {Manveen}
 n - a +2 short sword of draining (offhand) {Katrin}
 t - the +6 trident of Floods {drain, Str+5 Int+3}
   (You found it on level 4 of the Dungeon)

   Str+5:     It affects your strength (+5).
   Int+3:     It affects your intelligence (+3).
Missiles
 d - 2 throwing nets (quivered) {!f}
 e - 5 javelins
Armour
 b - a +0 leather armour
 c - a +0 helmet (melded)
 p - the +0 chain mail of Privacy (melded) {rF+ Regen+ Int+2 Slay+3}
   (You took it off a kobold on level 3 of the Dungeon)

   Int+2:     It affects your intelligence (+2).
   Slay+3:    It affects your accuracy & damage with ranged weapons and melee
   (+3).
   rF+:       It protects you from fire.
   Regen+:    It increases your rate of health regeneration.
 q - the +1 Delatra's gloves (melded) {ID++}
   (You found it on level 3 of the Dungeon)

   ID++:      It heals its wearer when they drink unknown potions, and restores
   their MP when they read unknown scrolls.
Magical Staves
 u - a staff of conjuration
Wands
 h - a wand of roots (13)
 m - a wand of flame (11)
Scrolls
 g - a scroll of fear
 j - a scroll of identify
 k - 2 scrolls of vulnerability
 l - 2 scrolls of revelation
 v - a scroll of amnesia
 y - a scroll of teleportation {unknown}
Potions
 f - a potion of invisibility {unknown}
 i - a potion of haste {unknown}
 o - a potion of lignification
 r - a potion of ambrosia
 s - 2 potions of curing {unknown}
 w - a potion of heal wounds {unknown}
 x - a potion of magic {unknown}


   Skills:
 + Level 5.4 Fighting
 * Level 7.8 Long Blades
 - Level 1.7 Throwing
 + Level 5.4 Dodging


You had 7 spell levels left.
You didn't know any spells.
Your spell library contained the following spells:

 Spells                   Type           Power      Damage    Failure   Level
 Cigotuvi's Dreadful Rot  Necr/Alch/Air  0%         N/A       54%         2
 Dispel Undead            Necr           0%         3d6       99%         4
 Martyr's Knell           Necr/Summ      0%         N/A       99%         4


Dungeon Overview and Level Annotations

Branches:
Dungeon (5/15)
 Temple: D:4-7

Altars:
Ashenzari
Dithmenos
Nemelex Xobeh

Annotations:
D:4 2 transporters, AlexanderH's ghost, amateur DrIE


Innate Abilities, Weirdness & Mutations

You are a tree.
Your roots penetrate the ground, keeping you stationary.
You cannot be teleported.
You are immune to unholy pain and torment.
Your maximum health is greatly increased.
Your equipment is partially melded.
You can wield a second weapon in your off-hand.
It takes a long time for you to wield or remove held weapons.
Your first few attacks do less damage.
((You cannot equip rings or amulets.))


Message History

The gnoll hits you but does no damage.
The gnoll bouda barks out a call to the hunt!
The gnolls pick up the pace!
The gnoll attacks as it pursues you!
The gnoll hits you from afar with a +2 halberd of venom!
You are poisoned.
You feel very sick. The gnoll barely misses you.
The gnoll hits you from afar with a +0 halberd.
The gnoll bouda gazes fiercely through you!
You feel your attacks grow feeble.
You feel very sick.
The gnoll hits you from afar with a +2 halberd of venom.
You are more poisoned.
The gnoll hits you but does no damage.
A bombardier beetle comes into view.
The gnoll closely misses you.
You closely miss the gnoll with your +0 long sword.
You barely miss the gnoll with your +2 short sword of draining.
You feel very sick.
The gnoll hits you from afar with a +2 halberd of venom!
You are lethally poisoned!
The gnoll hits you with a +0 spear.
The gnoll hits you from afar with a +0 halberd!
* * * LOW HITPOINT WARNING * * *
The gnoll hits you but does no damage.
You turn into a tree.
Your +0 helmet melds into your body.
The +1 Delatra's gloves {ID++} melds into your body.
The +0 chain mail of Privacy {rF+ Regen+ Int+2 Slay+3} melds into your body.
Your roots penetrate the ground.
* * * LOW HITPOINT WARNING * * *
You feel extremely sick.
The gnoll hits you but does no damage. x2
The gnoll hits you from afar with a +0 halberd!
* * * LOW HITPOINT WARNING * * *
The gnoll hits you but does no damage.
It was a potion of ambrosia.
You are confused.
You feel invigorated.
You die...

...... #.B...# ##....# ###....#
##.#....### #.......?.##. ###
#..gg........ #.### #♣gg.....#
####...### #.#g.....#
###....>.#..##.......... #.
###.......##................. ##.
.#........###.......#.......# #..
<..........##.......#.......###.P
............##.)....###.......#..
........#....##.......#.......##.
.......###...##..#...............


You could see a gnoll bouda, a bombardier beetle and 4 gnolls.

Vanquished Creatures
  Grinder (D:4)
  Sigmund (D:3)
  3 ogres
  A scorpion (D:5)
  4 wights (D:4)
  A hound (D:4)
  3 bombardier beetles
  3 orc priests
  An iguana (D:4)
  Natasha (twice) (D:2)
  An orc wizard (D:3)
  A hound skeleton (D:3)
  4 adders
  2 adder zombies (D:3)
  An adder skeleton (D:3)
  3 ribbon worms (D:3)
  12 orcs
  6 endoplasms
  3 giant cockroaches
  4 goblins
  4 hobgoblins
  5 jackals
  6 kobolds
  5 quokkas
  4 ball pythons
  4 ball python skeletons (D:3)
  10 bats
  A frilled lizard (D:3)
  A quokka skeleton (D:3)
  3 rats
100 creatures vanquished.

Notes
Turn   | Place    | Note
-------+----------+-------------------------------------------
     0 | D:1      | annone the Coglin Gladiator began the quest for the Orb.
     0 | D:1      | Reached XP level 1. HP: 16/16 MP: 1/1
    49 | D:1      | Found a faded altar of an unknown god.
    69 | D:1      | Reached XP level 2. HP: 10/22 MP: 2/2
   905 | D:2      | Reached XP level 3. HP: 28/28 MP: 3/3
  1094 | D:2      | Found a shadowy altar of Dithmenos.
  1621 | D:3      | Noticed Natasha
  1665 | D:2      | Killed Natasha
  1666 | D:2      | Reached skill level 4 in Long Blades
  1666 | D:2      | Reached XP level 4. HP: 29/34 MP: 4/4
  1676 | D:2      | Noticed Natasha
  1685 | D:2      | Killed Natasha
  1806 | D:3      | Found a broken altar of Ashenzari.
  1841 | D:3      | Noticed Sigmund
  1853 | D:3      | Killed Sigmund
  1854 | D:3      | Reached skill level 5 in Long Blades
  1854 | D:3      | Reached XP level 5. HP: 40/41 MP: 5/5
  1854 | D:3      | Reached XP level 6. HP: 45/47 MP: 6/6
  2145 | D:3      | Identified the +0 chain mail of Privacy {rF+ Regen+ Int+2
                  | Slay+3}
  2378 | D:3      | Reached XP level 7. HP: 53/53 MP: 7/7
  2388 | D:3      | Found the +1 Delatra's gloves {ID++}
  2495 | D:4      | Reached skill level 6 in Long Blades
  2598 | D:4      | Found a transporter.
  2599 | D:4      | Identified the +4 dire flail "Dragonbane" {flame, Str+2}
  2600 | D:4      | Noticed AlexanderH's ghost (amateur DrIE)
  2605 | D:4      | Found a transporter.
  2674 | D:4      | Noticed Grinder
  2686 | D:4      | Killed Grinder
  2687 | D:4      | Reached skill level 7 in Long Blades
  2687 | D:4      | Reached skill level 5 in Dodging
  2687 | D:4      | Reached XP level 8. HP: 60/61 MP: 8/8
  2723 | D:4      | Reached skill level 5 in Fighting
  2923 | D:4      | Found a sparkling altar of Nemelex Xobeh.
  2987 | D:4      | Identified the +6 trident of Floods {drain, Str+5 Int+3}
  3247 | D:5      | Entered Level 5 of the Dungeon
  3474 | D:5      | HP: 1/94 [gnoll/+0 halberd[a gnoll bouda] (9)]
  3475 | D:5      | Succumbed to a gnoll's poison

Illustrated notes

Levels and vault maps discovered:
D:1:      dpeg_arrival_rooms_b, layout_loops_ring,
          shapermc_ecumenical_altar_starsandcircs
D:2:      layout_basic, basic_altar, minmay_stone_trees_small,
          minmay_fountain_box
D:3:      layout_rooms, lemuel_coloured_pillars_altar, serial_undead,
          serial_undead_a, serial_undead_e, serial_undead_d, serial_undead_d,
          serial_undead_e, serial_undead_d, serial_undead_c,
          pf_guarded_unrand_delatra, uniq_sigmund, uniq_natasha
D:4:      layout_loops_ring, nemelex_dance_club_becter, gammafunk_ghost_smash,
          grunt_ministairs_15, uniq_grinder
D:5:      layout_cave_pools, elyvilon_altar_1, grunt_dithmenos_shadows,
          minivault_23, uniq_prince_ribbit1

Skill      XL: |  1  2  3  4  5  6  7  8 |
---------------+-------------------------+-----
Dodging        | 3 4 5 |  5.4
Long Blades    | 4 5 7 |  7.8
Fighting       | 3 4 5 |  5.4
Throwing       | |  1.7

Action                     |  1- 3 |  4- 6 |  7- 9 || total
---------------------------+-------+-------+-------++-------
  Melee: Long sword        |    86 |    60 |    70 ||   216
         Dagger            |    70 |       |       ||    70
         Short sword       |     7 |    59 |    68 ||   134
  Throw: Throwing net      |     3 |     1 |     2 ||     6
    Use: Scroll            |       |       |     7 ||     7
         Potion            |       |       |     2 ||     2
   Stab: Held in net/web   |     1 |       |       ||     1
 Armour: Leather armour    |    81 |    26 |       ||   107
         Chain mail        |       |     5 |    56 ||    61
         Skin              |       |       |     4 ||     4
  Dodge: Dodged            |    73 |    43 |    30 ||   146

Table legend: (Time is in decaauts)
 A = Elapsed time spent in this place.
 B = Non-inter-level travel time spent in this place.
 C = Inter-level travel time spent in this place.
 D = Time resting spent in this place.
 E = Time spent auto-exploring this place.
 F = Levels seen in this place.
 G = Mean time per level.
                   A        B        C        D        E       F      G
               +--------+--------+--------+--------+--------+-----+--------+
         Total |   3483 |   3303 |    180 |    262 |   2132 |   5 |  696.6 |
       Dungeon |   3483 |   3303 |    180 |    262 |   2132 |   5 |  696.6 |
               +--------+--------+--------+--------+--------+-----+--------+

Top non-repeatable levels by time:
     D:2: 940 daAuts
     D:3: 781 daAuts
     D:1: 773 daAuts
     D:4: 760 daAuts
     D:5: 226 daAuts
